 Dungeon Crawl Stone Soup version 0.17-a0-2215-g49c1de0 (webtiles) character file.

1542 mrath the Magician (level 8, -6/45 HPs)
             Began as a Gargoyle Earth Elementalist on Oct 27, 2015.
             Was a Follower of Vehumet.
             Mangled by an orc warrior
             ... wielding a +0 dire flail
              (9 damage)
             ... on level 6 of the Dungeon.
             The game lasted 01:05:49 (6867 turns).

mrath the Magician (Gargoyle Earth Elementalist)    Turns: 6867, Time: 01:05:50

Health: -6/45      AC: 12    Str: 12    XL:     8   Next: 87%
Magic:  2/17       EV: 12    Int: 18    God:    Vehumet [*.....]
Gold:   167        SH:  0    Dex: 10    Spells: 4 memorised, 9 levels left

rFire  + + .     SeeInvis .     a - 159 stones
rCold  + . .     Clarity  .     L - +2 robe {rC+ rF+}
rNeg   + . .     SustAt   .     (no shield)
rPois  ∞         Gourm    .     (no helmet)
rElec  +         Spirit   .     (no cloak)
rCorr  .         Warding  .     (no gloves)
rMut   .         Stasis   .     (no boots)
MR     .....                    m - amulet of regeneration
Stlth  ++........               (no ring)
                                H - ring of protection from fire

@: stone skin, not resistant to hostile enchantments, unstealthy
A: negative energy resistance 1, electricity resistance, unbreathing,
petrification resistance, rot immunity, AC +5
a: Renounce Religion


You were on level 6 of the Dungeon.
You worshipped Vehumet.
Vehumet was aware of your devotion.
You were hungry.

You visited 1 branch of the dungeon, and saw 6 of its levels.

You collected 167 gold pieces.

Inventory:

Hand Weapons
 k - a +4 dagger of venom
 n - a +0 hunting sling
 r - a +0 whip
 w - a +0 flail
 y - a +0 spear
 C - a +0 great mace
 F - a +1 dagger of draining
Missiles
 a - 159 stones (in hand)
 D - 36 poisoned needles
 E - 6 tomahawks
Armour
 s - a cursed +0 leather armour
 L - a +2 robe of resistance (worn)
Jewellery
 m - an amulet of regeneration (around neck)
 H - a ring of protection from fire (left hand)
Wands
 l - a wand of teleportation (3)
 B - a wand of enslavement (7)
Scrolls
 b - a scroll of immolation {unknown}
 e - a scroll of fog {unknown}
 g - 2 scrolls of remove curse
 j - 3 scrolls of teleportation
 q - a scroll of identify
 v - a scroll of recharging {unknown}
 G - 4 scrolls of enchant weapon
Potions
 f - a potion of ambrosia {unknown}
 h - a potion of haste {unknown}
 i - 3 potions of might
 o - a potion of degeneration {unknown}
 p - 2 potions of curing
 t - a potion of heal wounds {unknown}
 u - a potion of cure mutation {unknown}
 x - 4 potions of brilliance {unknown}
 z - 3 potions of lignification
 A - a potion of beneficial mutation {unknown}
 I - a potion of magic {unknown}
Books
 c - a book of Geomancy

   Spells                             Type                      Level
   a - Sandblast                      Earth                        1
   b - Stoneskin                      Transmutation/Earth          2
   c - Passwall                       Transmutation/Earth          3
   d - Stone Arrow                    Conjuration/Earth            3
   e - Petrify                        Transmutation/Earth          4
   f - Lee's Rapid Deconstruction     Earth                        5
Comestibles
 d - 2 bread rations
 K - 3 chunks of flesh


   Skills:
 + Level 2.6 Fighting
 + Level 2.4 Maces & Flails
 + Level 3.1 Armour
 + Level 2.8 Dodging
 - Level 2.1 Stealth
 * Level 6.5 Spellcasting
 + Level 3.5 Conjurations
 - Level 0.7 Transmutations
 + Level 6.4 Earth Magic
 + Level 1.5 Evocations


You had 9 spell levels left.
You knew the following spells:

 Your Spells              Type           Power        Failure   Level  Hunger
a - Sandblast             Erth           ####..       1%          1    None
b - Stoneskin             Trmt/Erth      ###.....     4%          2    None
c - Stone Arrow           Conj/Erth      ###...       4%          3    ##.....
d - Lee's Rapid Deconstr  Erth           ####......   24%         5    #####..


Dungeon Overview and Level Annotations

Branches:
Dungeon (6/15)
 Temple: D:4-7

Altars:
Ashenzari
Dithmenos
Fedhas
Kikubaaqudgha
Makhleb
Nemelex Xobeh
Qazlal
Ru
Sif Muna
Vehumet
Xom


Innate Abilities, Weirdness & Mutations

You are resistant to torment.
Your stone body is resilient (AC +5).
You are immune to poison.
You resist negative energy.
You are resistant to electric shocks.
You can survive without breathing.
You are immune to petrification.
You are immune to rotting.


Message History

The orc warrior is severely wounded.
The orc warrior hits you with a dire flail.
* * * LOW HITPOINT WARNING * * *
Casting: Sandblast
Confirm with . or Enter, or press ? or * to list all spells.
Aiming: Sandblast
Press: ? - help, Shift-Dir - straight line, f/p - orc warrior
Aim: an orc warrior, wielding a dire flail and wearing a chain mail (severely wounded)
The rocky blast hits the orc warrior.
The orc warrior is severely wounded.
Casting: Sandblast
Confirm with . or Enter, or press ? or * to list all spells.
Aiming: Sandblast
Press: ? - help, Shift-Dir - straight line, f/p - orc warrior
Aim: an orc warrior, wielding a dire flail and wearing a chain mail (severely wounded)
The rocky blast hits the orc warrior.
The orc warrior is almost dead.
You are feeling hungry.
The orc warrior hits you with a dire flail!
You die...

..........# . ....#####.#..
.. #(.(... ###.#####....#
##.## #.....o#
###.##.......##
...##........
.......###......##....
....... .......<.......
.(... .......
###..######.### #..##
....(.. # ##.####
#.#######.(##%.....# #
#....###.#...@o.)......%...
#
####.##....#####...#.....##
###.##.#### ###........#
#####......# ###.(..#.#
......#...## #.....#
######...## ###... #.)...#
#<. ##...## ## #####


You could see an orc warrior.

Vanquished Creatures
  Sigmund (D:5)
  Duvessa (D:5)
  A sky beast (D:6)
  A phantom (D:5)
  2 ogres (D:5)
  A centaur (D:5)
  A giant frog (D:6)
  Dowan (D:5)
  A scorpion (D:4)
  2 crimson imps
  2 vampire bats (D:4)
  A giant frog skeleton (D:4)
  2 hounds
  An iguana (D:4)
  6 orc wizards
  3 worker ants
  A worker ant zombie (D:5)
  3 gnolls (D:3)
  7 adders
  An ooze (D:2)
  An adder skeleton (D:4)
  A worm (D:2)
  5 giant geckos
  13 orcs
  8 bats
  2 bat skeletons (D:4)
  2 bat zombies (D:4)
  9 goblins
  6 hobgoblins
  11 jackals
  4 ball pythons
  4 giant cockroaches
  2 giant gecko skeletons (D:4)
  5 giant newts
  9 kobolds
  A quokka (D:3)
  A quokka skeleton (D:4)
  7 rats
130 creatures vanquished.

Vanquished Creatures (others)
  A jackal (D:4)
1 creature vanquished.

Grand Total: 131 creatures vanquished

Notes
Turn   | Place    | Note
--------------------------------------------------------------
     0 | D:1      | mrath the Gargoyle Earth Elementalist began the quest for the Orb.
     0 | D:1      | Reached XP level 1. HP: 10/10 MP: 3/3
   260 | D:1      | Reached XP level 2. HP: 15/15 MP: 3/5
   285 | D:1      | Learned a level 2 spell: Stoneskin
   825 | D:1      | Reached skill level 4 in Earth Magic
  1140 | D:1      | Reached XP level 3. HP: 19/19 MP: 5/7
  1426 | D:2      | Found a shimmering altar of Xom.
  1646 | D:2      | Found a sparkling altar of Nemelex Xobeh.
  1648 | D:2      | Found a shattered altar of Ashenzari.
  1649 | D:2      | Found a stormy altar of Qazlal.
  1654 | D:2      | Found a sacrificial altar of Ru.
  1843 | D:2      | Found a shattered altar of Ashenzari.
  2150 | D:2      | Learned a level 3 spell: Stone Arrow
  2156 | D:3      | Reached XP level 4. HP: 24/24 MP: 7/9
  2573 | D:3      | Reached XP level 5. HP: 21/28 MP: 5/11
  3325 | D:3      | Found a shadowy altar of Dithmenos.
  3329 | D:3      | Found a burning altar of Makhleb.
  3331 | D:3      | Found a radiant altar of Vehumet.
  3340 | D:3      | Became a worshipper of Vehumet
  3660 | D:4      | Reached skill level 5 in Earth Magic
  3660 | D:4      | Reached XP level 6. HP: 27/32 MP: 0/13
  3835 | D:3      | Reached skill level 5 in Spellcasting
  3950 | D:4      | Found an ancient bone altar of Kikubaaqudgha.
  4028 | D:4      | Found a blossoming altar of Fedhas.
  4479 | D:4      | Reached skill level 1 in Conjurations
  4580 | D:3      | Reached XP level 7. HP: 36/36 MP: 8/15
  4933 | D:4      | Reached skill level 1 in Maces & Flails
  4933 | D:4      | Reached skill level 1 in Armour
  5443 | D:5      | Entered Level 5 of the Dungeon
  5531 | D:5      | Reached skill level 1 in Fighting
  5807 | D:5      | Noticed Duvessa
  5815 | D:5      | Noticed Dowan
  5822 | D:5      | Killed Duvessa
  5822 | D:5      | Reached skill level 1 in Evocations
  5822 | D:5      | Reached XP level 8. HP: 42/44 MP: 13/16
  5823 | D:5      | Reached skill level 6 in Spellcasting
  5827 | D:5      | Killed Dowan
  5835 | D:5      | Noticed Sigmund
  5891 | D:5      | Killed Sigmund
  5891 | D:5      | Reached * piety under Vehumet
  5891 | D:5      | Offered knowledge of Freeze by Vehumet.
  6010 | D:5      | Learned a level 5 spell: Lee's Rapid Deconstruction
  6315 | D:5      | Found a deep blue altar of Sif Muna.
  6862 | D:6      | HP: 2/45 [orc warrior/dire flail (13)]
  6867 | D:6      | Mangled by an orc warrior

Vault maps used:
D:1:      dpeg_arrival_houses_and_road, minivault_24, minmay_misc_feat_plants
D:2:      grunt_temple_overflow_open, lemuel_coloured_pillars_altar,
          first_bread, ashenzari_altar_1
D:3:      minitemple
D:4:      kennysheep_vampire_church, fedhas_altar_1
D:5:      led_sif_book, uniq_sigmund, uniq_duvessa
D:6:      minmay_temple_entry_overgrown

Action                   |  1- 3 |  4- 6 |  7- 9 || total
-------------------------+-------+-------+-------++-------
Melee: Club              |     2 |       |       ||     2
       Flail             |       |    20 |     3 ||    23
       Whip              |       |       |     4 ||     4
 Fire: Hunting sling     |    27 |    40 |    64 ||   131
Throw: Stone             |       |    19 |     2 ||    21
 Cast: Sandblast         |    56 |    89 |    80 ||   225
       Stone Arrow       |       |       |    12 ||    12
       Stoneskin         |       |       |     2 ||     2
  Use: Scroll            |       |       |     6 ||     6
  Eat: Chunk             |     3 |     6 |     6 ||    15
       Pizza             |     1 |       |     1 ||     2
       Beef jerky        |       |     1 |       ||     1
